Map: Emerald City LE

Players

Atomic - Winner!

  • Race: Zerg Zerg
  • League: Diamond
  • Spawn Location: 5:00

etmajo - Winner!

  • Race: Protoss Protoss
  • League: Diamond
  • Spawn Location: 5:00

OpuS

  • Race: Protoss Protoss
  • League: Platinum
  • Spawn Location: 11:00

Sketchaphone

  • Race: Zerg Zerg
  • League: Platinum
  • Spawn Location: 11:00

VOD

Have the link to the VOD?

Description

Time

  • Played on: Feb. 20, 2019, 9:32 p.m.
  • Length: 18:14
Show
View Real Time Build Order
Export as new Build Order

Atomic Zerg - Winner!

Build Orders: Pool First 

Get SALT Encoding   

  12  0:04  Drone  
  13  0:15  Drone  
  13  0:18  Extractor x2  
  13  0:21  Drone  
  13  0:22  Drone  
  16  0:29  Overlord  
  16  0:40  Extractor  
  16  0:42  Extractor  
  14  0:48  Drone  
  15  0:56  Spawning Pool  
  15  0:57  Drone  
  15  1:03  Drone  
  16  1:10  Drone  
  17  1:23  Drone  
  18  1:46  Lair  
  18  1:51  Drone x2  
  20  1:58  Roach Warren  
  19  2:08  Drone x2  
  21  2:21  Zergling x2  
  22  2:36  Overlord  
  22  2:37  Overlord  
  22  2:49  Pneumatized Carapace  
  22  2:52  Glial Reconstitution  
  22  3:09  Roach x3  
  28  3:34  Zergling x4  
  28  3:35  Queen  
  32  3:42  Spine Crawler  
  32  3:45  Spine Crawler  
  32  3:46  Spine Crawler  
  32  3:47  Spine Crawler  
  30  4:17  Ravager x2  
  30  4:19  Overlord x2  
  28  4:44  Ravager  
  29  4:50  Drone x2  
  29  4:51  Drone  
  31  5:00  Roach x3  
  37  5:16  Hatchery  
  37  5:19  Nydus Network  
  35  5:46  Infestation Pit  
  34  6:03  Overlord x2  
  34  6:04  Overlord  
  34  6:25  Hive  
  34  6:32  Queen, Drone x3  
  37  6:33  Drone  
  40  6:45  Drone x4  
  44  6:50  Ravager x2  
  46  7:05  Drone x5  
  51  7:26  Evolution Chamber, Drone x3  
  51  7:27  Drone  
  51  7:29  Evolution Chamber  
  53  7:48  Drone x4  
  53  7:49  Overlord  
  53  7:50  Drone x2  
  59  7:52  Extractor  
  59  7:53  Extractor  
  59  7:57  Ultralisk Cavern  
  56  8:18  Hatchery  
  55  8:24  Roach  
  55  8:25  Roach x4  
  51  9:01  Spire  
  50  9:16  Nydus Canal  
  50  9:34  Zergling x16  
  55  10:02  Queen  
  55  10:18  Drone x6  
  55  10:19  Drone  
  53  10:24  Mutalisk x2  
  53  10:26  Hatchery  
  51  10:28  Spine Crawler  
  48  10:48  Mutalisk, Zerg Flyer Weapons Level 1  
  48  10:49  Mutalisk x2  
  54  10:58  Drone  
  54  11:02  Zergling x2  
  54  11:03  Zergling x2  
  57  11:05  Metabolic Boost  
  57  11:14  Overseer  
  57  11:20  Spore Crawler  
  57  11:22  Extractor  
  57  11:23  Extractor  
  54  11:36  Zerg Melee Weapons Level 1  
  54  11:44  Drone x7  
  54  11:45  Drone x2  
  63  11:58  Baneling Nest  
  62  12:14  Drone  
  62  12:15  Drone x3  
  66  12:17  Queen  
  70  12:22  Spine Crawler  
  70  12:24  Overlord x2  
  69  12:31  Zerg Ground Armor Level 1  
  69  12:42  Adrenal Glands  
  67  12:57  Hatchery  
  66  12:59  Zergling x2  
  66  13:00  Zergling x2  
  66  13:01  Zergling x2  
  69  13:14  Hatchery  
  69  13:15  Zerg Flyer Armor Level 1  
  68  13:21  Lair  
  68  13:24  Mutalisk  
  70  13:39  Mutalisk  
  70  13:40  Mutalisk x2  
  76  13:50  Overlord  
  76  13:51  Overlord x2  
  76  14:03  Mutalisk  
  78  14:16  Spore Crawler  
  77  14:21  Infestor  
  77  14:22  Infestor x2, Mutalisk  
  85  14:26  Queen  
  72  14:45  Mutalisk  
  72  14:46  Mutalisk  
  62  15:10  Mutalisk x2  
  62  15:12  Drone  
  62  15:13  Drone x6  
  62  15:14  Drone x3  
  70  15:35  Zergling x6  
  71  15:36  Zergling x6  
  76  15:57  Hatchery  
  75  16:21  Mutalisk  
  75  16:22  Mutalisk x6  
  89  16:30  Zergling x2  
  89  16:31  Zergling x18  
  97  16:55  Zergling x2  
  97  16:56  Overlord x5, Zergling x6  
  97  16:57  Zergling x8  
  103  17:18  Nydus Canal  
Show
View Real Time Build Order
Export as new Build Order

etmajo Protoss - Winner!

Build Orders: 1 Gate Expand, Zealot Archon, Colossus Rush 

Get SALT Encoding   

  12  0:01  Probe  
  13  0:13  Probe  
  14  0:17  Pylon  
  14  0:24  Probe  
  15  0:32  Probe  
  15  0:40  Probe, Gateway  
  16  0:46  Assimilator  
  17  0:51  Probe  
  18  1:03  Probe  
  19  1:15  Probe  
  20  1:25  Nexus  
  20  1:28  Probe  
  21  1:36  Cybernetics Core  
  21  1:40  Probe  
  21  1:46  Assimilator  
  22  1:52  Probe  
  23  1:54  Pylon  
  23  2:04  Adept, Warp Gate  
  23  2:12  Probe  
  26  2:22  Robotics Facility  
  26  2:24  Probe  
  27  2:34  Stalker  
  29  2:41  Probe x2  
  31  2:53  Probe x2  
  33  3:06  Stalker  
  33  3:08  Warp Prism  
  33  3:11  Robotics Bay  
  33  3:12  Probe  
  38  3:14  Probe  
  38  3:19  Assimilator  
  39  3:22  Assimilator  
  39  3:27  Pylon  
  39  3:29  Probe  
  39  3:32  Probe  
  41  3:41  Probe  
  42  3:44  Probe  
  43  3:50  Gravitic Drive  
  43  3:52  Stalker  
  45  3:57  Probe  
  45  3:58  Disruptor, Probe  
  50  4:09  Probe  
  51  4:10  Probe  
  51  4:16  Stalker  
  54  4:25  Shield Battery  
  54  4:28  Pylon  
  54  4:34  Pylon  
  54  4:36  Pylon  
  54  4:46  Sentry, Probe x2  
  54  4:51  Colossus  
  64  4:58  Probe x2  
  66  5:04  Gateway  
  66  5:10  Probe x2, Gateway  
  68  5:23  Probe  
  68  5:24  Probe  
  68  5:27  Stalker  
  72  5:29  Extended Thermal Lance  
  72  5:35  Probe  
  73  5:36  Probe  
  74  5:47  Twilight Council, Probe  
  74  5:48  Probe  
  76  5:55  Sentry  
  78  6:16  Nexus  
  78  6:19  Probe  
  78  6:34  Templar Archives  
  78  6:35  Pylon  
  78  6:36  Gateway  
  78  6:39  Gateway  
  78  6:42  Gateway  
  78  6:43  Colossus  
  78  6:53  Probe x2  
  86  6:54  Pylon  
  86  6:56  Pylon  
  86  7:00  Pylon  
  86  7:03  Pylon  
  86  7:12  Probe x2  
  86  7:14  High Templar x2  
  92  7:16  High Templar  
  92  7:18  Archon  
  94  7:24  Probe x2  
  96  7:32  High Templar  
  96  7:35  High Templar  
  96  7:36  Colossus, Probe  
  96  7:37  Archon  
  101  7:38  High Templar  
  101  7:43  Archon  
  109  7:45  Probe x2  
  109  7:47  Assimilator  
  109  7:49  Charge  
  109  7:51  Assimilator  
  111  7:52  Shield Battery  
  111  7:56  High Templar x2  
  111  7:57  Zealot  
  117  8:01  Archon  
  117  8:05  Probe x3  
  120  8:09  Zealot x2  
  124  8:16  Gateway  
  124  8:18  Gateway  
  106  8:40  Colossus  
  112  8:53  High Templar x2  
  112  8:54  High Templar x2  
  120  8:57  Zealot x2  
  120  8:59  Archon x2  
  120  9:00  Probe x3  
  127  9:12  Probe x3  
  130  9:25  High Templar  
  132  9:32  Pylon  
  79  10:02  High Templar x4  
  79  10:03  High Templar  
  85  10:09  Archon x3  
  85  10:11  Zealot x3  
  91  10:16  Probe x2  
  91  10:17  Nexus  
  91  10:21  Observer  
  90  10:28  Probe  
  91  10:48  High Templar x2  
  94  10:56  Probe x2  
  96  10:59  Archon  
  85  11:08  Probe, Observer  
  85  11:11  High Templar x2  
  81  11:12  Zealot x4  
  81  11:15  Archon  
  90  11:18  Probe  
  90  11:27  Probe  
  90  11:30  Probe  
  90  11:32  Colossus  
  98  11:37  Probe  
  98  11:39  Probe  
  100  11:42  Probe  
  100  11:44  High Templar x2  
  105  11:48  Archon  
  105  11:51  Pylon  
  105  11:56  Zealot x6  
  117  12:15  Probe x3  
  120  12:17  High Templar x2  
  120  12:19  High Templar x2  
  120  12:20  Zealot x4  
  120  12:22  Archon  
  136  12:23  Archon  
  136  12:32  Forge  
  136  12:34  Forge  
  136  12:36  Probe x3  
  139  12:37  Forge  
  139  12:38  Gateway  
  139  12:40  Gateway  
  139  12:44  Gateway  
  139  12:47  Gateway  
  139  12:49  Probe x2, Gateway  
  141  12:56  Pylon  
  141  12:57  Probe  
  141  13:03  Protoss Ground Weapons Level 1, Protoss Shields Level 1, Protoss Ground Armor Level 1  
  141  13:06  Blink  
  127  13:32  Zealot x4  
  127  13:33  Zealot x4  
  135  13:50  Shield Battery  
  135  13:52  Shield Battery  
  135  13:53  Photon Cannon  
  135  13:57  High Templar x2, Photon Cannon  
  135  14:01  Archon  
  139  14:05  Probe x2  
  141  14:13  Warp Prism  
  141  14:16  Probe  
  125  14:48  Stalker x2  
  125  14:49  Stalker x5  
  101  15:22  Nexus  
  97  15:44  High Templar x6  
  97  15:45  High Templar  
  97  15:46  High Templar  
  97  15:48  Archon x2  
  97  15:49  Archon  
  113  15:50  Archon  
  113  15:53  Observer  
  113  15:57  Probe x2  
  110  16:36  High Templar x2  
  110  16:37  Zealot x3  
  110  16:38  Observer  
  118  16:40  Archon  
  118  16:42  Probe x2  
  120  17:11  High Templar x2  
  120  17:12  Zealot x4  
  120  17:13  Zealot  
  132  17:15  Archon  
  132  17:50  Nexus  
  132  18:11  Nexus  
  130  18:13  Pylon  
Show
View Real Time Build Order
Export as new Build Order

OpuS Protoss 

Build Orders: Chargelot Immortal 

Get SALT Encoding   

  12  0:01  Probe  
  13  0:14  Probe  
  14  0:26  Pylon, Probe  
  15  0:39  Assimilator  
  15  0:40  Probe  
  16  0:52  Gateway  
  16  0:53  Assimilator  
  16  0:57  Probe  
  17  1:05  Probe  
  18  1:19  Gateway  
  18  1:21  Probe  
  19  1:33  Probe  
  20  1:53  Nexus  
  20  2:03  Cybernetics Core  
  20  2:07  Pylon, Probe  
  21  2:21  Probe  
  22  2:36  Forge  
  22  2:39  Warp Gate  
  22  2:40  Sentry x2  
  22  2:43  Probe  
  27  2:55  Probe  
  27  3:06  Probe  
  27  3:08  Probe  
  29  3:13  Stalker  
  29  3:14  Stalker  
  29  3:17  Shield Battery  
  33  3:25  Pylon  
  33  3:38  Stargate  
  33  3:44  Photon Cannon  
  33  3:48  Photon Cannon  
  33  3:50  Probe  
  33  3:53  Probe  
  36  4:02  Probe  
  36  4:05  Probe  
  37  4:17  Stalker x2  
  37  4:19  Probe x2  
  43  4:30  Phoenix  
  45  4:36  Robotics Facility  
  45  4:50  Probe x2  
  47  4:53  Gateway  
  47  4:57  Gateway  
  47  5:03  Shield Battery  
  47  5:15  Probe  
  47  5:16  Probe  
  47  5:18  Void Ray  
  53  5:31  Pylon  
  53  5:34  Pylon  
  53  5:47  Probe  
  53  5:49  Probe, Assimilator  
  55  5:53  Assimilator  
  55  6:08  Stalker  
  55  6:09  Stalker x2  
  55  6:10  Stalker  
  63  6:11  Probe  
  63  6:12  Probe  
  65  6:20  Pylon  
  65  6:21  Immortal  
  65  6:22  Pylon  
  65  6:23  Probe  
  70  6:37  Void Ray  
  74  6:42  Twilight Council  
  74  6:52  Probe x2  
  76  7:01  Immortal  
  76  7:04  Stalker x2  
  76  7:05  Stalker  
  86  7:11  Pylon  
  86  7:14  Pylon  
  86  7:16  Pylon, Forge  
  86  7:19  Forge  
  86  7:28  Phoenix  
  88  7:32  Protoss Ground Weapons Level 1  
  88  7:36  Charge  
  88  7:38  Stalker x2  
  88  7:41  Stalker  
  94  7:53  Immortal  
  98  7:59  Void Ray  
  102  8:19  Nexus  
  72  8:33  Zealot x4  
  70  8:46  Immortal  
  74  8:49  Pylon  
  72  9:02  Phoenix  
  74  9:12  Zealot  
  74  9:13  Zealot x3  
  82  9:25  Probe  
  82  9:27  Phoenix  
  85  9:31  Dark Shrine  
  85  9:40  Zealot x2  
  85  9:41  Zealot x2  
  57  10:04  Zealot x3  
  57  10:05  Zealot  
  65  10:16  Probe x2  
  65  10:18  Probe  
  68  10:23  Phoenix  
  68  10:25  Zealot x2  
  68  10:26  Zealot x2  
  68  10:28  Probe  
  61  10:46  Dark Templar x3  
  61  10:47  Dark Templar  
  60  11:08  Probe x3  
  63  11:19  Immortal  
  63  11:20  Probe x2, Phoenix  
  71  11:27  Gateway  
  71  11:28  Gateway  
  71  11:29  Probe  
  71  11:32  Probe  
  73  11:36  Templar Archives  
  73  11:46  Pylon  
  73  11:53  Protoss Ground Weapons Level 2, Gateway  
  73  11:55  Gateway  
  73  12:09  Immortal  
  73  12:14  Phoenix  
  79  12:15  Probe  
  79  12:16  Probe  
  79  12:18  Probe  
  82  12:22  Pylon  
  82  12:26  Psionic Storm  
  82  12:36  High Templar x4  
  82  12:37  High Templar x2  
  92  12:43  Probe x2  
  92  12:44  Probe  
  97  12:47  Assimilator  
  97  12:51  Assimilator  
  97  12:53  Zealot  
  97  12:54  Zealot  
  101  13:05  Pylon  
  101  13:06  Protoss Ground Armor Level 1  
  101  13:07  Pylon  
  101  13:08  Zealot  
  101  13:09  Zealot x4  
  101  13:10  Zealot  
  113  13:20  Phoenix  
  113  13:25  Probe x2  
  117  13:30  High Templar x2  
  117  13:31  High Templar x2  
  117  13:34  Zealot  
  127  13:45  Phoenix  
  129  13:57  Nexus  
  129  14:10  Phoenix  
  107  14:24  Archon x2  
  107  14:25  Archon x2  
  87  14:33  Dark Templar x4  
  87  14:34  Dark Templar x3  
  87  14:35  Phoenix  
  91  14:39  Pylon  
  78  15:08  Zealot x6  
  78  15:09  Zealot x2  
  50  15:36  Probe x3  
  50  15:37  Gateway  
  50  15:39  Gateway  
  50  15:40  Gateway  
  50  15:42  Gateway  
  53  15:44  Probe  
  53  15:48  Probe x2  
  45  16:01  Dark Templar x5  
  44  16:28  Probe x4  
  36  16:44  Dark Templar  
  36  16:45  Dark Templar  
Show
View Real Time Build Order
Export as new Build Order

Sketchaphone Zerg 

Build Orders: Hatch First 

Get SALT Encoding   

  12  0:01  Drone  
  13  0:12  Overlord  
  13  0:17  Drone  
  14  0:23  Drone, Extractor  
  15  0:32  Drone  
  16  0:36  Drone  
  17  0:58  Hatchery  
  16  1:07  Drone  
  16  1:10  Drone, Extractor  
  17  1:20  Spawning Pool  
  17  1:23  Drone  
  17  1:29  Drone  
  17  1:30  Drone  
  19  1:43  Overlord  
  19  1:51  Drone  
  20  2:08  Drone  
  21  2:09  Queen  
  21  2:10  Queen  
  25  2:18  Drone  
  26  2:26  Metabolic Boost  
  26  2:34  Evolution Chamber  
  25  2:39  Zergling x4  
  25  2:41  Zergling x6  
  30  2:45  Overlord  
  30  2:54  Overlord  
  30  3:01  Zerg Melee Weapons Level 1  
  30  3:02  Zergling x2  
  31  3:06  Zergling x2  
  31  3:08  Drone  
  31  3:12  Zergling x2  
  34  3:17  Zergling x2  
  35  3:37  Drone x4  
  35  3:38  Zergling x4  
  35  3:41  Overlord  
  40  3:52  Zergling x2  
  41  4:02  Spine Crawler  
  40  4:04  Zergling x6  
  40  4:05  Spine Crawler  
  42  4:17  Drone x2  
  42  4:23  Zergling x4  
  46  4:25  Drone x2  
  46  4:26  Overlord  
  48  4:44  Zergling x4  
  50  4:47  Overlord  
  50  4:50  Zergling x2  
  50  4:51  Overlord, Drone x2  
  53  4:56  Drone  
  54  5:01  Zergling x2  
  54  5:05  Zerg Ground Armor Level 1  
  54  5:06  Overlord  
  55  5:08  Overlord  
  55  5:12  Zergling x4  
  57  5:17  Overlord  
  54  5:31  Drone x2  
  54  5:34  Zergling x10  
  61  5:37  Zergling x4  
  62  5:51  Zergling x4  
  64  6:01  Lair  
  64  6:03  Pneumatized Carapace  
  54  6:05  Drone  
  54  6:07  Hatchery  
  54  6:19  Drone  
  54  6:22  Zergling x4  
  56  6:28  Evolution Chamber  
  56  6:31  Zergling x2  
  56  6:32  Zergling x2  
  57  6:35  Zergling x8  
  57  6:39  Drone x3  
  64  6:40  Extractor  
  63  7:00  Zergling x10  
  68  7:02  Zerg Melee Weapons Level 2  
  68  7:04  Drone  
  68  7:07  Extractor  
  68  7:08  Drone x2, Extractor  
  70  7:12  Drone x2  
  70  7:31  Zergling x10  
  70  7:35  Drone  
  76  7:37  Drone x3  
  76  7:41  Zerg Ground Armor Level 2  
  76  7:42  Zergling x4  
  76  7:43  Queen  
  83  7:48  Zergling x2  
  84  7:56  Overlord, Zergling x4  
  86  8:07  Zergling x4  
  86  8:08  Zergling x2  
  89  8:19  Queen  
  76  8:25  Zergling x18  
  73  8:44  Zergling x6  
  71  8:56  Zergling x6  
  71  8:59  Spire  
  71  9:00  Drone x3  
  73  9:14  Zergling x6  
  72  9:20  Zergling x6  
  66  9:33  Zergling x12  
  66  9:37  Zergling x2  
  73  9:44  Zergling x2  
  63  10:01  Zergling x6  
  65  10:12  Zergling x6  
  65  10:13  Zergling x6  
  61  10:20  Mutalisk x2  
  60  10:26  Zergling x2  
  57  10:39  Queen  
  57  10:42  Mutalisk x3  
  65  10:48  Zergling x2  
  66  10:53  Zerg Flyer Weapons Level 1  
  66  10:57  Zergling x4  
  68  11:06  Zergling x8  
  75  11:25  Zergling x6  
  75  11:28  Zergling x2  
  75  11:31  Overlord x3  
  76  11:33  Infestation Pit  
  76  11:38  Hatchery  
  69  11:47  Zergling x6  
  69  11:55  Zergling x8  
  69  11:59  Mutalisk x2  
  69  12:01  Mutalisk  
  76  12:11  Zergling x6  
  75  12:17  Drone, Hive  
  75  12:18  Drone  
  75  12:20  Drone x2  
  79  12:25  Zergling x2  
  80  12:35  Mutalisk x2  
  84  12:38  Zergling x2  
  84  12:43  Mutalisk  
  78  13:09  Mutalisk x2  
  78  13:10  Mutalisk  
  78  13:11  Zergling x6  
  78  13:12  Drone x4  
  89  13:21  Zergling x2  
  90  13:34  Zergling x8  
  94  13:42  Zergling x4  
  96  13:54  Adrenal Glands, Zerg Melee Weapons Level 3, Extractor  
  95  13:57  Extractor  
  94  14:06  Zerg Flyer Weapons Level 2  
  94  14:10  Mutalisk  
  94  14:11  Mutalisk x4  
  101  14:29  Zerg Ground Armor Level 3  
  95  14:32  Hydralisk Den  
  87  14:42  Zergling x16  
  87  14:43  Zergling x2  
  94  14:57  Zergling x2  
  94  15:09  Zergling x18  
  92  15:23  Zergling x8  
  92  15:25  Zergling x2  
  97  15:33  Zergling x4  
  96  15:52  Corruptor x5  
  99  15:58  Hydralisk x4  
  99  16:01  Hydralisk  
  104  16:09  Zergling x6  
  93  16:20  Spine Crawler  
  93  16:22  Viper  
  82  16:38  Hydralisk  
  82  16:39  Hydralisk  
  83  16:45  Zergling x4  
  74  16:56  Zergling x2  
  56  17:19  Zergling x4  
  40  17:38  Drone  
Tags
 
Add a new tag
Caveats
  • Supply blocks, unpowered buildings, or Contaminate may cause inaccurate times.
  • Supply counts are checked every 10 seconds.